 Dungeon Crawl Stone Soup version 0.30-a0-772-g5528072125 (webtiles) character file.

Game seed: 11528778102325297191

108161 Crownlay the Earth Mage (level 16, -7/92 HPs)
             Began as a Gargoyle Earth Elementalist on Feb 12, 2023.
             Was the Champion of Vehumet.
             Mangled by a broodmother (32 damage)
             ... on level 1 of the Spider Nest.
             The game lasted 01:29:55 (29320 turns).

Crownlay the Earth Mage (GrEE)                     Turns: 29320, Time: 01:29:56

Health: -7/92      AC: 26    Str: 13    XL:     16   Next: 48%
Magic:  4/34       EV: 11    Int: 29    God:    Vehumet [******]
Gold:   2999       SH: 11    Dex: 10    Spells: 15/44 levels left

rFire   + + .      SeeInvis +    a - +3 Elemental Staff {rElec rF++ rC++ AC+5}
rCold   + + +      Faith    .    Q - +0 buckler
rNeg    + . .      Spirit   .    L - +2 robe {rC+}
rPois   ∞          Reflect  +    b - +0 helmet
rElec   +          Harm     .    W - +2 cloak of the Thief {*Fog Slay-2 SInv Stlth+}
rCorr   .          Rampage  .    J - +0 pair of gloves
Will    +....                    (no boots)
Stlth   +++                      X - amulet of Exkiun {Reflect Fly SH+5}
HPRegen 0.35/turn                S - +6 ring of intelligence
MPRegen 0.24/turn                M - ring of wizardry

@: flying
A: sickness immunity, AC +12, big wings, negative energy resistance 1,
electricity resistance, torment resistance 1, petrification resistance
a: Renounce Religion


You were on level 1 of the Spider Nest.
You worshipped Vehumet.
Vehumet was exalted by your worship.
You visited 5 branches of the dungeon, and saw 24 of its levels.
You visited 1 bazaar.
You also visited: Sewer and Ice Cave.

You collected 4700 gold pieces.
You spent 1701 gold pieces at shops.

Inventory:

Hand Weapons
 a - the +3 Elemental Staff (weapon) {rElec rF++ rC++ AC+5}
   (You acquired it on level 4 of the Lair of Beasts)

   It enhances your fire, ice, earth and air magic.
   AC:        It affects your AC (+5).
   rF:        It greatly protects you from fire.
   rC:        It greatly protects you from cold.
   rElec:     It insulates you from electricity.
Missiles
 P - a throwing net
Armour
 b - a +0 helmet (worn)
 v - a +2 robe of fire resistance
 z - a +0 tower shield of cold resistance
 J - a +0 pair of gloves (worn)
 L - a +2 robe of cold resistance (worn)
 Q - a +0 buckler (worn)
 W - the +2 cloak of the Thief (worn) {*Fog Slay-2 SInv Stlth+}
   (You acquired it on level 4 of the Lair of Beasts)

   *Fog:      It may release a thick cloud of smoke when the wearer is hurt.
   Slay:      It affects your accuracy & damage with ranged weapons and melee
   (-2).
   SInv:      It lets you see invisible.
   Stlth:     It makes you more stealthy.
Jewellery
 M - a ring of wizardry (right hand)
 S - a +6 ring of intelligence (left hand)
 X - the amulet of Exkiun (around neck) {Reflect Fly SH+5}
   (You acquired it on level 5 of the Lair of Beasts)

   [amulet of reflection]

   It reflects blocked missile attacks.
   Fly:       It grants you flight.
   SH:        It affects your SH (+5).
Wands
 h - a wand of iceblast (8)
 w - a wand of polymorph (6)
 C - a wand of mindburst (15)
 D - a wand of digging (3)
 G - a wand of quicksilver (8)
 R - a wand of flame (33)
 T - a wand of charming (25)
Scrolls
 c - 9 scrolls of enchant armour
 i - 2 scrolls of butterflies
 j - 3 scrolls of poison
 l - 5 scrolls of immolation
 o - 6 scrolls of fear
 y - 6 scrolls of vulnerability
 B - 2 scrolls of amnesia
 E - a scroll of torment {unknown}
 H - 7 scrolls of fog
 K - 7 scrolls of teleportation
 N - 3 scrolls of noise
 O - 3 scrolls of blinking
Potions
 d - 4 potions of cancellation
 e - 9 potions of brilliance
 f - 8 potions of might
 g - 6 potions of curing
 k - 2 potions of attraction
 m - 2 potions of invisibility
 n - 3 potions of lignification
 q - 6 potions of mutation
 r - 6 potions of haste
 s - 4 potions of resistance
 t - 2 potions of magic
 A - 4 potions of heal wounds
 U - 4 potions of ambrosia
 V - 2 potions of berserk rage


   Skills:
 * Level 7.0 Fighting
 - Level 1.5 Dodging
 - Level 2.1 Stealth
 + Level 9.2 Shields
 + Level 14.5 Spellcasting
 + Level 11.1 Conjurations
 - Level 10.0 Summonings
 - Level 9.7 Necromancy
 - Level 0.7 Transmutations
 + Level 15.8 Earth Magic


You had 15 spell levels left.
You knew the following spells:

 Your Spells              Type           Power      Damage    Failure   Level
a - Sandblast             Erth           100%       2d20      0%          1
b - Stone Arrow           Conj/Erth      100%       3d13      1%          3
c - Borgnjor's Vile Clut  Necr/Erth      48%        N/A       1%          5
d - Spellforged Servitor  Conj/Summ      35%        N/A       4%          7
e - Lehudib's Crystal Sp  Conj/Erth      49%        10d12     9%          8
f - Lee's Rapid Deconstr  Erth           53%        3d25*     1%          5

Your spell library contained the following spells:

 Spells                   Type           Power      Damage    Failure   Level
 Conjure Ball Lightning   Conj/Air       34%        3x3d11    5%          6
 Apportation              Tloc           42%        N/A       1%          1
 Freeze                   Ice            100%       1d10      1%          1
 Kiss of Death            Conj/Necr      100%       2d13      1%          1
 Magic Dart               Conj           100%       1d8       1%          1
 Shock                    Conj/Air       100%       1d9       1%          1
 Call Imp                 Summ           68%        N/A       1%          2
 Momentum Strike          Conj/Tloc      100%       3d10      1%          2
 Passwall                 Tmut/Erth      67%        N/A       1%          2
 Call Canine Familiar     Summ           68%        N/A       1%          3
 Frozen Ramparts          Ice            62%        1d10      1%          3
 Kindle Blastsparks       Fire/Tloc/Air  94%        2d17      1%          3
 Summon Guardian Golem    Hex/Summ       50%        N/A       1%          3
 Anguish                  Hex/Necr       24%        N/A       1%          4
 Animate Armour           Summ/Erth      100%       N/A       1%          4
 Animate Dead             Necr           67%        N/A       1%          4
 Dispel Undead            Necr           67%        3d23      1%          4
 Fulminant Prism          Conj/Hex       26%        3d13      1%          4
 Iskenderun's Mystic Bla  Conj/Tloc      52%        2d11      1%          4
 Petrify                  Tmut/Erth      81%        N/A       1%          4
 Summon Ice Beast         Ice/Summ       66%        N/A       1%          4
 Freezing Cloud           Conj/Ice/Air   38%        6-21      2%          5
 Confusing Touch          Hex            21%        N/A       3%          3
 Gell's Gravitas          Tloc           21%        N/A       3%          3
 Swiftness                Air            31%        N/A       3%          3
 Teleport Other           Tloc           21%        N/A       3%          3
 Airstrike                Air            15%        2d(3-19)  3%          4
 Death Channel            Necr           33%        N/A       3%          6
 Starburst                Conj/Fire      34%        6d10      5%          6
 Ice Form                 Ice/Tmut       34%        N/A       10%         4
 Haunt                    Necr/Summ      34%        N/A       16%         7
 Simulacrum               Ice/Necr       32%        N/A       24%         6
 Alistair's Intoxication  Tmut/Pois      15%        N/A       26%         5
 Dispersal                Tloc           10%        N/A       85%         6
 Enfeeble                 Hex            10%        N/A       100%        7
 Polar Vortex             Ice            15%        N/A       100%        9


Dungeon Overview and Level Annotations

Branches:
Dungeon (15/15)            Temple (1/1) D:7            Lair (5/5) D:8
  Swamp (0/4) Lair:2       Spider (1/4) Lair:2        Slime (0/5) Lair:5
    Orc (2/2) D:10            Elf (0/3) Orc:2        Vaults (0/5) D:14
 Depths (0/4) D:15          Sewer (visited)           IceCv (visited)

Altars:
Ashenzari
Dithmenos
Hepliaklqana
Makhleb
Nemelex Xobeh
Okawaru
Sif Muna
Trog
Uskayaw
Vehumet
Xom
Zin
The Shining One
Jiyva

Shops:
D:1 :   D:14 :   Orc:2 (!*[


Innate Abilities, Weirdness & Mutations

You are immune to sickness and miasma.
Your stone body is resilient. (AC +12)
You are immune to poison.
Your large and strong wings let you fly.
You resist negative energy. (rN+)
You are resistant to electric shocks. (rElec)
You are resistant to unholy torment.
You are immune to petrification.


Message History

The broodmother bites your spellforged servitor!
A spider bursts forth from the wound!
The broodmother bites your spellforged servitor but does no damage.
Casting: Borgnjor's Vile Clutch (safe; 1% risk of failure)
Confirm with . or Enter, or press ? or * to list all spells.
Aiming: Sandblast (safe; 0% risk of failure)
Press: ? - help, Shift-Dir - straight line, f - culicivora
Aim: a culicivora (blue smoke, summoned, 74% to hit)
You feel a surge of power!
The blast of sand hits the culicivora.
The culicivora is lightly wounded.
The zombie hands lose their grip on something.
The zombie hands constrict the broodmother!!
The broodmother bites your spellforged servitor!!! x2
Your spellforged servitor is destroyed!
Your spellforged servitor disappears in a puff of smoke!
The culicivora bites you.
* * * LOW HITPOINT WARNING * * *
The broodmother rages.
The broodmother struggles to escape constriction.
You block the culicivora's attack.
Casting: Sandblast (safe; 0% risk of failure)
Confirm with . or Enter, or press ? or * to list all spells.
Okay, then.
As you read the scroll of fear, it crumbles to dust.
You assume a fearsome visage.
The culicivora looks frightened!
The broodmother is unaffected.
The zombie hands constrict the broodmother!
The broodmother struggles to escape constriction.
The broodmother escapes!
Casting: Sandblast (safe; 0% risk of failure)
Confirm with . or Enter, or press ? or * to list all spells.
Aiming: Sandblast (safe; 0% risk of failure)
Press: ? - help, Shift-Dir - straight line, f/p - culicivora
Aim: a culicivora (blue smoke, lightly wounded, summoned, fleeing, 74% to hit)
You feel a surge of power!
The blast of sand hits the culicivora!
The culicivora is moderately wounded.
Your attack snaps the culicivora out of its fear.
You block the broodmother's attack. The culicivora closely misses you.
The broodmother bites you!!
You die...

. ...... ..^...$. #
........ .... .# .##.
.##....## #..# .##....#
.##.##..# #..##.......#
....##..# #............
.......####............
..........^.....##§..
.............§.##s§
...##........§§#@#
..####......###§s# ###
######## #s## # .§§# .#
...§.. .. ........ ^#
...†..... ##.##
......... ....#
..........


You could see a broodmother (berserk), a wolf spider and a culicivora
(summoned).

Vanquished Creatures
  Gastronok (Lair:2)
  Kirke (D:12)
  A frost giant (IceCv)
  A stone giant (D:15)
  An orc warlord (D:14)
  A vault guard (D:14)
  5 hydras
  An ogre mage (D:15)
  A catoblepas (D:15)
  8 two-headed ogres
  2 centaur warriors (D:12)
  4 tengu warriors
  A boulder beetle (D:13)
  Urug (Lair:3)
  2 death yaks (IceCv)
  An orc high priest (Orc:2)
  Amaemon (Lair:3)
  2 skeletal warriors (D:12)
  Lodul (D:13)
  A skyshark (Lair:5)
  A bog body (Lair:2)
  2 wizards
  4 orc knights (D:14)
  4 deep elf pyromancers
  3 orc sorcerers (Orc:2)
  6 ugly things
  A moth of wrath (Spider:1)
  A wolf spider (Spider:1)
  5 cyclopes
  3 elephants (Lair:5)
  A salamander (shapeshifter) (D:14)
  7 black mambas
  A torpor snail (Lair:2)
  An orange demon (Lair:3)
  6 cane toads
  5 rime drakes
  An ice statue (IceCv)
  3 unseen horrors
  4 komodo dragons
  7 kobold demonologists (D:14)
  An efreet (D:13)
  A freezing wraith (D:14)
  3 tengu conjurers (D:14)
  A meliai (Lair:2)
  5 trolls
  2 hornets
  13 polar bears
  A wind drake (shapeshifter) (D:13)
  Prince Ribbit (D:6)
  4 tarantellas (Spider:1)
  4 blink frogs (Lair:3)
  The ghost of Tungsten the Slasher, an amateur OpRe of Makhleb (D:6)
  A spriggan (Lair:1)
  3 slime creatures
  5 shadows
  6 wyverns
  A wraith (D:12)
  22 yaks
  A hog (D:12)
  A basilisk (D:12)
  Eustachio (D:4)
  8 vampire mosquitoes
  Edmund (D:6)
  2 redbacks (Spider:1)
  Menkaure (D:5)
  6 wargs
  2 acid dragons
  6 water moccasins
  20 hell hounds
  11 orc warriors
  A sky beast (D:6)
  2 ice beasts
  11 black bears (Lair:5)
  8 ogres
  3 boggarts (D:15)
  28 wolves
  4 centaurs
  A phantom (D:4)
  2 kobold brigands
  2 bullfrogs
  2 gnoll sergeants
  2 necrophages
  3 scorpions
  14 wights
  19 killer bees
  3 electric eels (Lair:2)
  5 howler monkeys
  5 jellies
  3 hounds (D:5)
  20 orc priests
  29 orc wizards
  3 iguanas
  9 gnolls
  6 adders
  A river rat (Sewer)
  2 shadow imps
  An ufetubus (D:6)
  5 worms
  4 dart slugs
  72 orcs
  8 endoplasms
  3 giant cockroaches
  5 goblins
  7 hobgoblins
  7 jackals
  17 kobolds
  A quokka (D:1)
  6 ball pythons
  2 bats
  3 frilled lizards (D:3)
  8 rats
575 creatures vanquished.

Vanquished Creatures (collateral kills)
  A stone giant (D:14)
  An entropy weaver (shapeshifter) (D:15)
  3 hydras
  3 vault guards (D:14)
  3 centaur warriors (D:14)
  2 boulder beetles
  4 two-headed ogres
  A tengu warrior (D:15)
  4 death yaks (IceCv)
  A skeletal warrior (D:12)
  A pharaoh ant (Spider:1)
  3 orc knights
  2 wolf spiders (Spider:1)
  2 deep elf pyromancers (D:14)
  4 cyclopes
  4 orc sorcerers
  3 ugly things
  A deep elf zephyrmancer (D:14)
  3 manticores
  A moth of wrath (Spider:1)
  A gargoyle (D:12)
  A kobold demonologist (D:12)
  7 rime drakes
  A freezing wraith (D:15)
  3 tengu conjurers
  3 trolls
  2 polar bears (IceCv)
  A raiju (D:14)
  2 tarantellas (Spider:1)
  3 slime creatures
  2 jumping spiders (Spider:1)
  A culicivora (Spider:1)
  A wraith (D:11)
  7 yaks (IceCv)
  2 redbacks (Spider:1)
  A basilisk (D:15)
  3 hogs (D:12)
  3 wargs (D:14)
  6 vampire mosquitoes
  3 hell hounds (D:14)
  12 orc warriors
  A boggart (D:15)
  A wolf (IceCv)
  5 orc priests (Orc:2)
  10 orc wizards
  13 orcs
142 creatures vanquished.

Vanquished Creatures (others)
  A yak (D:9)
  A warg (D:14)
  3 orc wizards
  11 fungi
  41 plants
57 creatures vanquished.

Grand Total: 774 creatures vanquished

Notes
Turn   | Place    | Note
-------+----------+-------------------------------------------
     0 | D:1      | Crownlay the Gargoyle Earth Elementalist began the quest
                  | for the Orb.
     0 | D:1      | Reached XP level 1. HP: 10/10 MP: 3/3
   217 | D:1      | Got the Grimoire of Accomplices
   383 | D:1      | Reached XP level 2. HP: 15/15 MP: 3/5
   724 | D:1      | Found Potu's Book Shoppe.
   728 | D:1      | Reached skill level 4 in Earth Magic
  1022 | D:2      | Reached XP level 3. HP: 16/19 MP: 3/7
  1123 | D:2      | Learned a level 3 spell: Stone Arrow
  1834 | D:3      | Reached XP level 4. HP: 24/24 MP: 4/9
  1940 | D:3      | Noticed an ogre
  1943 | D:3      | Killed an ogre
  1944 | D:3      | Reached skill level 5 in Earth Magic
  1944 | D:3      | Reached XP level 5. HP: 28/28 MP: 4/11
  2024 | D:3      | Found a glowing drain.
  2036 | Sewer    | Entered a sewer
  2166 | Sewer    | Reached XP level 6. HP: 32/32 MP: 9/13
  2421 | Sewer    | Reached skill level 5 in Spellcasting
  2948 | D:4      | Noticed Eustachio
  2970 | D:4      | Killed Eustachio
  2971 | D:4      | Reached skill level 6 in Earth Magic
  2971 | D:4      | Reached XP level 7. HP: 19/36 MP: 8/15
  3740 | D:5      | Entered Level 5 of the Dungeon
  4042 | D:5      | Reached skill level 7 in Earth Magic
  4042 | D:5      | Reached XP level 8. HP: 29/41 MP: 15/18
  4470 | D:6      | Noticed Menkaure
  4560 | D:5      | Reached skill level 1 in Conjurations
  4671 | D:5      | Killed Menkaure
  4672 | D:5      | Reached skill level 1 in Summonings
  4672 | D:5      | Reached skill level 1 in Necromancy
  4939 | D:6      | Reached skill level 8 in Earth Magic
  4939 | D:6      | Reached XP level 9. HP: 44/45 MP: 17/21
  5162 | D:6      | Found a transporter.
  5162 | D:6      | Found a transporter.
  5179 | D:6      | Noticed Tungsten's ghost (amateur OpRe)
  5216 | D:6      | Noticed Edmund
  5221 | D:6      | Killed Edmund
  5322 | D:6      | Noticed Prince Ribbit
  5330 | D:6      | Killed Prince Ribbit
  6404 | D:7      | Reached XP level 10. HP: 50/50 MP: 19/23
  6454 | D:7      | Found a staircase to the Ecumenical Temple.
  6461 | Temple   | Entered the Ecumenical Temple
  6470 | Temple   | Became a worshipper of Vehumet
  6657 | D:8      | Reached skill level 9 in Earth Magic
  7017 | D:8      | Found a staircase to the Lair.
  7139 | D:8      | Reached * piety under Vehumet
  7139 | D:8      | Offered knowledge of Freeze by Vehumet.
  7680 | D:9      | Found a shimmering blue altar of Sif Muna.
  7735 | D:9      | Got Sif Muna's Encyclopedia of Battling
  7737 | D:9      | Got Sif Muna's Secrets of the Compass
  7739 | D:9      | Got Sif Muna's Folio of the Glacier
  7800 | D:9      | Reached skill level 5 in Conjurations
  8335 | D:9      | Reached skill level 10 in Spellcasting
  8504 | D:9      | Reached ** piety under Vehumet
  8504 | D:9      | Offered knowledge of Searing Ray by Vehumet.
  8631 | D:9      | Reached XP level 11. HP: 54/54 MP: 21/25
  8735 | D:9      | Reached skill level 10 in Earth Magic
  8754 | D:9      | Reached skill level 5 in Summonings
  8833 | D:9      | HP: 2/54 [yak (12)]
  8845 | D:9      | Offered knowledge of Momentum Strike by Vehumet.
  9206 | D:10     | Entered Level 10 of the Dungeon
  9704 | D:10     | Found a staircase to the Orcish Mines.
 10134 | D:11     | Noticed a cyclops
 10137 | D:11     | Killed a cyclops
 10138 | D:11     | Reached skill level 1 in Shields
 10735 | Lair:1   | Entered Level 1 of the Lair of Beasts
 11333 | Lair:1   | Learned a level 5 spell: Borgnjor's Vile Clutch
 11846 | Lair:2   | Found a staircase to the Swamp.
 11846 | Lair:2   | Noticed a bog body
 11855 | Lair:2   | Killed a bog body
 11856 | Lair:2   | Reached skill level 5 in Necromancy
 12444 | Lair:2   | Found a hole to the Spider Nest.
 12929 | Lair:2   | Noticed Gastronok
 12964 | Lair:2   | Killed Gastronok
 12965 | Lair:2   | Reached XP level 12. HP: 59/59 MP: 5/27
 13309 | Lair:3   | Noticed a six-headed hydra
 13318 | Lair:3   | Killed a six-headed hydra
 13319 | Lair:3   | Reached skill level 11 in Earth Magic
 13431 | Lair:3   | Noticed a five-headed hydra
 13437 | Lair:3   | Killed a five-headed hydra
 13480 | Lair:3   | Noticed Urug
 13496 | Lair:3   | Killed Urug
 13912 | Lair:3   | Noticed Amaemon
 13921 | Lair:3   | Killed Amaemon
 14346 | Lair:4   | Identified 3 scrolls of acquirement
 14347 | Lair:4   | Acquired the +2 cloak of the Thief {*Fog Slay-2 SInv
                  | Stlth+}
 14347 | Lair:4   | Found the +2 cloak of the Thief {*Fog Slay-2 SInv Stlth+}
 14360 | Lair:4   | Acquired Vyku's Compendium of Blows
 14364 | Lair:4   | Acquired the +3 Elemental Staff {rElec rF++ rC++ AC+5}
 14364 | Lair:4   | Found the +3 Elemental Staff {rElec rF++ rC++ AC+5}
 14879 | Lair:5   | Entered Level 5 of the Lair of Beasts
 15046 | Lair:5   | Reached skill level 5 in Shields
 15184 | Lair:5   | Noticed a seven-headed hydra
 15190 | Lair:5   | Killed a seven-headed hydra
 15434 | Lair:5   | Reached XP level 13. HP: 63/63 MP: 29/29
 15447 | Lair:5   | Reached *** piety under Vehumet
 15560 | Lair:5   | Found a viscous altar of Jiyva.
 15564 | Lair:5   | Found a staircase to the Slime Pits.
 15769 | Lair:5   | Acquired the amulet of Exkiun {Reflect Fly SH+5}
 15800 | Lair:5   | Learned a level 7 spell: Spellforged Servitor
 15962 | Lair:5   | Reached skill level 12 in Earth Magic
 16001 | Lair:5   | Offered knowledge of Fulminant Prism by Vehumet.
 16492 | Lair:5   | HP: 1/63 [warg (12)]
 16689 | Lair:5   | Reached **** piety under Vehumet
 17076 | Lair:5   | Offered knowledge of Flame Wave by Vehumet.
 17756 | D:1      | Bought a book of Armaments for 396 gold pieces
 17765 | D:1      | Learned a level 8 spell: Lehudib's Crystal Spear
 17901 | D:6      | Killed Tungsten's ghost
 18092 | Orc:1    | Entered Level 1 of the Orcish Mines
 18866 | Orc:2    | Entered Level 2 of the Orcish Mines
 18866 | Orc:2    | Found a staircase to the Elven Halls.
 19033 | Orc:2    | Reached ***** piety under Vehumet
 19038 | Orc:2    | Offered knowledge of Lee's Rapid Deconstruction by Vehumet.
 19045 | Orc:2    | Learned a level 5 spell: Lee's Rapid Deconstruction
 19118 | Orc:2    | Gained mutation: Your large and strong wings let you fly.
                  | [Gargoyle growth]
 19118 | Orc:2    | Reached XP level 14. HP: 39/68 MP: 6/31
 19133 | Orc:2    | Found Xywi's Assorted Antiques.
 19133 | Orc:2    | Found Nutoubye's Antique Armour Boutique.
 19133 | Orc:2    | Found Ammalion's Distillery.
 19143 | Orc:2    | Found Xeasueg's Antique Weapon Shop.
 19179 | Orc:2    | Found a flickering gateway to a bazaar.
 19190 | Bazaar   | Entered a bazaar
 19265 | Bazaar   | Found Evvixkao's Antique Weapon Shop.
 19266 | Bazaar   | Found Eclu Beqiy's Assorted Antiques.
 19276 | Bazaar   | Bought a fizzy orange potion for 14 gold pieces
 19293 | Bazaar   | Found Ughish's Magic Scroll Shoppe.
 19293 | Bazaar   | Found Aholuklo's General Store.
 19315 | Bazaar   | Found Paydit's Armour Shop.
 19338 | Bazaar   | Found Zesaefi's Antique Weapon Boutique.
 19400 | Bazaar   | Bought a scroll of enchant weapon for 60 gold pieces
 19400 | Bazaar   | Bought 3 scrolls of fog for 96 gold pieces
 19400 | Bazaar   | Bought a scroll of enchant armour for 60 gold pieces
 19400 | Bazaar   | Bought a scroll of enchant armour for 60 gold pieces
 19400 | Bazaar   | Bought a scroll of enchant armour for 60 gold pieces
 19400 | Bazaar   | Bought 3 scrolls of identify for 48 gold pieces
 19413 | Bazaar   | Bought a potion of magic for 120 gold pieces
 19413 | Bazaar   | Bought a scroll of teleportation for 45 gold pieces
 19507 | Orc:2    | Bought an opalescent robe for 199 gold pieces
 19507 | Orc:2    | Identified the +0 robe of the Equinox {Will+} (You bought
                  | it in a shop on level 2 of the Orcish Mines)
 20607 | D:11     | Offered knowledge of Iron Shot by Vehumet.
 20792 | D:11     | Found an iron altar of Okawaru.
 22281 | D:12     | Noticed Kirke
 22288 | D:12     | Noticed a sphinx
 22288 | D:12     | Killed Kirke
 22573 | D:12     | Identified the +2 ring mail "Ucenix" {+Blink}
 22589 | D:12     | Reached skill level 13 in Earth Magic
 22594 | D:12     | Reached skill level 10 in Conjurations
 22873 | Orc:2    | Bought 2 potions of haste for 280 gold pieces
 22873 | Orc:2    | Bought a potion of resistance for 140 gold pieces
 22873 | Orc:2    | Bought a potion of curing for 42 gold pieces
 22875 | Orc:2    | Bought a scroll of teleportation for 81 gold pieces
 23059 | D:12     | Acquired 952 gold pieces
 23109 | D:13     | Found a frozen archway.
 23129 | IceCv    | Entered an ice cave
 23542 | IceCv    | Noticed a frost giant
 23554 | IceCv    | Killed a frost giant
 23694 | IceCv    | Reached XP level 15. HP: 72/72 MP: 19/33
 23696 | IceCv    | Reached skill level 14 in Earth Magic
 24387 | D:13     | Noticed Lodul
 24398 | D:13     | Killed Lodul
 24799 | D:14     | Found Xaxel's Book Boutique.
 24949 | D:14     | Reached skill level 10 in Summonings
 25213 | D:14     | Reached skill level 15 in Earth Magic
 25566 | D:14     | Reached skill level 1 in Fighting
 25637 | D:14     | Found a gate to the Vaults.
 25901 | D:14     | Noticed an orc warlord
 25910 | D:14     | Killed an orc warlord
 25990 | D:14     | Reached ****** piety under Vehumet
 26307 | D:14     | Offered knowledge of Irradiate by Vehumet.
 26313 | D:14     | Reached XP level 16. HP: 76/86 MP: 21/34
 26494 | D:14     | Identified the +7 dagger "Hauxem" {heavy, rF+ rN+ Will++
                  | Dex-2}
 26591 | D:14     | Reached skill level 5 in Fighting
 26985 | D:15     | Entered Level 15 of the Dungeon
 27860 | D:15     | Found a shadowy altar of Dithmenos.
 28657 | D:15     | Found a staircase to the Depths.
 29114 | Spider:1 | Entered Level 1 of the Spider Nest
 29285 | Spider:1 | Offered knowledge of Conjure Ball Lightning by Vehumet.
 29320 | Spider:1 | Mangled by a broodmother

Illustrated notes

Levels and vault maps discovered:
D:1:      dpeg_arrival_chambers_temple_mockup, layout_loops_ring, serial_shops,
          nicolae_shop_statue_plus
D:2:      layout_rooms, roderic_roman_lattice, minmay_crystal_room
D:3:      layout_rooms, portal_sewer_entry_d
D:4:      layout_loops_ring, nicolae_concentric_dashed_squares_wild,
          hangedman_glass_teeth, uniq_eustachio
D:5:      layout_loops_ring
D:6:      layout_loops_ring, gammafunk_ghost_hive, uniq_prince_ribbit1,
          uniq_menkaure, uniq_edmund
D:7:      layout_loops_cross, minmay_temple_entry_ruins,
          minmay_stone_trees_small
D:8:      nicolae_cairo_tiling, layout_cave_pools, palyth_stone_intersect
D:9:      layout_roguey, nicolae_sif_muna_little_library,
          minmay_misc_feat_more_columns, minmay_misc_feat_nine_boxes,
          grunt_potential
D:10:     layout_stronghold, minmay_orc_entry_temple_small, corexii_corridor_pit
D:11:     layout_layer_cave, kennysheep_okawaru_gauntlet
D:12:     minmay_open_boxes_in_corner, layout_loops_ring, uniq_kirke
D:13:     layout_basic, portal_ice_cave_rime, uniq_lodul
D:14:     lemuel_castle_with_subvaults [lemuel_castle_interior_original],
          layout_irregular_city, lightli_vaults_fourway_checkpoint,
          serial_shops, kennysheep_mini, grunt_decor_clamped
D:15:     grunt_enter_depths_snipers, layout_layer_cave,
          nicolae_dithmenos_through_a_glass_darkly
Temple:   grunt_wide_crystal_templ
Lair:1:   layout_hall_layers, chequers_serial_rivers_small_3, st_stairs_6,
          wad_woods_03
Lair:2:   layout_gridlike, skrybe_swamp_entry_bodies,
          hellmonk_spider_entry_not_the_bees, grunt_megastairs_1,
          infiniplex_staircase_pool_2, serial_bayou_shore_a, uniq_gastronok
Lair:3:   layout_regular_city, grunt_megastairs_4, uniq_urug, uniq_amaemon
Lair:4:   layout_misc_corridors
Lair:5:   hangedman_lair_caniforms_friends, layout_cave_pods, slime_entry_1,
          serial_bayou_shore_b
Spider:1: layout_chambers, ebering_ghost_reflecting_pool,
          hangedman_spider_tarantella_strand
Orc:1:    layout_diamond_mine, nicolae_orc_crystal_geode
Orc:2:    st_orc_mages, layout_caves, special_room, serial_shops,
          bzr_entry_islet, minmay_orc_keep

Skill      XL: |  1  2  3  4  5  6  7  8  9 10 11 12 13 14 15 16 |
---------------+-------------------------------------------------+-----
Earth Magic    | 4 5 6 7 8 9 10 11 12 13 15 | 15.8
Spellcasting   | 3 4 5 6 8 9 10 11 12 13 14 | 14.5
Conjurations   | 2 4 5 7 8 9 10 11 | 11.1
Summonings     | 1 3 4 6 7 9 10 | 10.0
Necromancy     | 1 3 4 5 6 7 8 9 |  9.7
Shields        | 3 5 6 7 8 9 |  9.2
Fighting       | 4 7 |  7.0
Dodging        | |  1.5
Stealth        | |  2.1
Transmutations | |  0.7

Action                     |  1- 3 |  4- 6 |  7- 9 | 10-12 | 13-15 | 16-18 || total
---------------------------+-------+-------+-------+-------+-------+-------++-------
  Melee: Unarmed           |    22 |       |       |       |       |       ||    22
         Dagger            |       |    33 |       |       |       |       ||    33
         Trident           |       |       |       |    35 |       |       ||    35
         Punch             |       |       |       |     1 |       |       ||     1
         Staff             |       |       |       |       |    31 |     2 ||    33
   Cast: Sandblast         |    55 |    72 |   153 |   317 |   515 |    42 ||  1154
         Stone Arrow       |       |     4 |     8 |    19 |     7 |     8 ||    46
         Borgnjor's Vile C |       |       |       |    34 |    99 |    35 ||   168
         Spellforged Servi |       |       |       |       |    43 |    16 ||    59
         Lee's Rapid Decon |       |       |       |       |     4 |     6 ||    10
  Evoke: Wand              |       |       |       |    13 |       |       ||    13
    Use: Scroll            |     5 |     2 |     1 |    16 |    21 |     1 ||    46
         Potion            |       |     1 |       |     4 |     5 |       ||    10
 Armour: Robe              |     9 |    24 |    34 |   109 |   295 |    29 ||   500
  Dodge: Dodged            |    23 |    34 |    42 |   134 |   246 |    25 ||   504
  Block: Buckler           |       |       |       |     5 |   277 |    24 ||   306
         Reflection        |       |       |       |       |    19 |     1 ||    20

Table legend: (Time is in decaauts)
 A = Elapsed time spent in this place.
 B = Non-inter-level travel time spent in this place.
 C = Inter-level travel time spent in this place.
 D = Time resting spent in this place.
 E = Time spent auto-exploring this place.
 F = Levels seen in this place.
 G = Mean time per level.
                   A        B        C        D        E       F      G
               +--------+--------+--------+--------+--------+-----+--------+
         Total |  30030 |  27651 |   2379 |    989 |  20924 |  27 | 1112.2 |
       Dungeon |  18563 |  16877 |   1686 |    430 |  13238 |  15 | 1237.5 |
        Temple |     18 |      5 |     13 |      0 |      0 |   1 |   18.0 |
          Lair |   7172 |   6786 |    386 |    281 |   5208 |   5 | 1434.4 |
   Spider Nest |    213 |    213 |      0 |      0 |     75 |   1 |  213.0 |
  Orcish Mines |   2303 |   2009 |    294 |    179 |   1279 |   2 | 1151.5 |
        Bazaar |    271 |    271 |      0 |      0 |    116 |   1 |  271.0 |
         Sewer |    553 |    553 |      0 |      0 |    440 |   1 |  553.0 |
      Ice Cave |    932 |    932 |      0 |     99 |    567 |   1 |  932.0 |
               +--------+--------+--------+--------+--------+-----+--------+

Top non-repeatable levels by time:
  Lair:5: 2718 daAuts
    D:14: 2522 daAuts
     D:9: 1792 daAuts
    D:15: 1715 daAuts
  Lair:2: 1514 daAuts
    D:10: 1495 daAuts
    D:11: 1372 daAuts
   Orc:1: 1235 daAuts
  Lair:1: 1235 daAuts
     D:6: 1176 daAuts
    D:12: 1136 daAuts
     D:1: 1116 daAuts
  Lair:3: 1072 daAuts
     D:7: 1068 daAuts
   Orc:2: 1068 daAuts
